 Dungeon Crawl Stone Soup version 0.30-a0-634-g8abc85282e (webtiles) character file.

Game seed: 16372267367673197051

292 Dirtsage the Changer (level 6, -1/38 HPs)
             Began as an Octopode Transmuter on Jan 14, 2023.
             Slain by a gnoll bouda
             ... wielding a +0 club
              (12 damage)
             ... on level 4 of the Dungeon.
             The game lasted 00:04:37 (2741 turns).

Dirtsage the Changer (Octopode Transmuter)          Turns: 2741, Time: 00:04:38

Health: -1/38      AC:  1    Str:  9    XL:     6   Next: 33%
Magic:  8/9        EV: 13    Int: 17    God:
Gold:   145        SH:  0    Dex: 13    Spells: 2/9 levels left

rFire   . . .      SeeInvis .      - Unarmed
rCold   . . .      Faith    .    (no shield)
rNeg    . . .      Spirit   .    (helmet currently unavailable)
rPois   .          Reflect  .    (no amulet)
rElec   .          Harm     .    (no ring)
rCorr   .          Rampage  .    (no ring)
Will    .....                    (no ring)
Stlth   ++                       (no ring)
HPRegen 0.26/turn                (no ring)
MPRegen 0.11/turn                (no ring)
                                 (no ring)
                                 (no ring)

@: appendages (expiring), weakened, wereblooded
A: tentacle spike 3, almost no armour, amphibious, 8 rings, camouflage 1,
gelatinous body 1, (nimble swimmer 1), tentacles
a: End Transformation


You were on level 4 of the Dungeon.
One of your tentacles had grown a beastly spike.
You visited 1 branch of the dungeon, and saw 4 of its levels.

You collected 145 gold pieces.

Inventory:

Magical Staves
 c - a staff of earth
Jewellery
 I - a ring of protection from cold
Scrolls
 f - 2 scrolls of identify {unknown}
 h - 3 scrolls of teleportation {unknown}
 i - 2 scrolls of fog {unknown}
 l - a scroll of enchant armour {unknown}
Potions
 a - a potion of lignification
 b - 4 potions of heal wounds {unknown}
 d - 2 potions of brilliance {unknown}
 e - a potion of ambrosia {unknown}
 g - 3 potions of mutation {unknown}
 j - 2 potions of flight {unknown}
 k - a potion of magic {unknown}
 m - a potion of might {unknown}


   Skills:
 - Level 1.0 Fighting
 - Level 2.0 Dodging
 - Level 3.0 Unarmed Combat
 - Level 2.0 Spellcasting
 * Level 4.7 Transmutations
 * Level 4.1 Ice Magic


You had 2 spell levels left.
You knew the following spells:

 Your Spells              Type           Power      Damage    Failure   Level
a - Beastly Appendage     Tmut           34%        N/A       2%          1
b - Wereblood             Tmut           17%        N/A       4%          2
c - Ice Form              Ice/Tmut       16%        N/A       30%         4

Your spell library contained the following spells:

 Spells                   Type           Power      Damage    Failure   Level
 Cigotuvi's Dreadful Rot  Necr/Pois/Air  2%         N/A       28%         2
 Spider Form              Tmut/Pois      9%         N/A       22%         3
 Dispel Undead            Necr           1%         3d6       88%         4
 Death Channel            Necr           0%         N/A       100%        6


Dungeon Overview and Level Annotations

Branches:
Dungeon (4/15)
 Temple: D:4-7

Altars:
Nemelex Xobeh


Innate Abilities, Weirdness & Mutations

One of your tentacles has grown a beastly spike.
You cannot wear most types of armour.
You are amphibious.
You can wear up to eight rings at the same time.
Your skin changes colour to match your surroundings (Stealth+).
Your rubbery body absorbs attacks. (AC +1, EV +1)
((You are camouflaged when in or above water. (Stealth+)))
You have tentacles for arms and can constrict up to eight enemies at once.


Message History

You howl as the wereblood boils in your veins!
The gnoll barely misses you.
The gnoll bouda attacks as you move away!
The gnoll bouda hits you with a +0 club!
The gnoll barely misses you.
You take 8 damage, and have 27/38 hp.
MASSIVE DAMAGE!!
The gnoll bouda attacks as you move away!
The gnoll bouda hits you with a +0 club!
The gnoll hits you from afar with a +0 spear.
You take 14 damage, and have 13/38 hp.
MASSIVE DAMAGE!!
Your transformation is almost over.
You closely miss the gnoll bouda. Your grab misses the gnoll bouda.
You pierce the gnoll bouda, but do no damage.
The gnoll bouda gazes fiercely through you!
You feel your attacks grow feeble. The gnoll bouda barely misses you.
You tentacle-slap the gnoll bouda but do no damage.
Your grab misses the gnoll bouda. The gnoll barely misses you.
The gnoll bouda closely misses you.
You closely miss the gnoll bouda. You grab the gnoll bouda.
You pierce the gnoll bouda, but do no damage.
You squeeze the gnoll bouda.
The gnoll bouda is moderately wounded.
You constrict the gnoll bouda.
The gnoll is no longer moving quickly.
The gnoll hits you from afar with a +0 spear.
* * * LOW HITPOINT WARNING * * *
You take 4 damage, and have 10/38 hp.
You tentacle-slap the gnoll bouda but do no damage.
You pierce the gnoll bouda, but do no damage.
The gnoll bouda is moderately wounded.
You howl as the wereblood boils in your veins!
You constrict the gnoll bouda, but do no damage.
The gnoll bouda barks out a call to the hunt!
The gnoll picks up the pace!
The gnoll misses you.
You tentacle-slap the gnoll bouda but do no damage.
The gnoll bouda is moderately wounded.
You constrict the gnoll bouda, but do no damage.
The gnoll bouda hits you with a +0 club!
You die...

#.....#...[#
###.....#....###
..'.....#.......
####.....#.......
...'.....>)......
.##.....###.....
#.g)..# #.....
########.....#
#.....
#...@ggg.....#
#.....
#.#####g.....#
#..... #.######
#..S..
##+#+#####.#
#.....
...........#
...........######
................#
...<............#
................#


You could see a gnoll bouda and 3 gnolls.

Vanquished Creatures
  Pargi (D:3)
  An iguana (D:4)
  5 gnolls
  5 adders
  An ufetubus (D:4)
  2 worms (D:2)
  A dart slug (D:3)
  3 orcs
  4 bats
  6 endoplasms
  15 goblins
  6 hobgoblins
  2 quokkas
  9 ball pythons
  2 frilled lizards
  3 kobolds
  2 rats (D:1)
68 creatures vanquished.

Notes
Turn   | Place    | Note
-------+----------+-------------------------------------------
     0 | D:1      | Dirtsage the Octopode Transmuter began the quest for the
                  | Orb.
     0 | D:1      | Reached XP level 1. HP: 13/13 MP: 3/3
   248 | D:1      | Reached skill level 1 in Ice Magic
   248 | D:1      | Reached XP level 2. HP: 18/18 MP: 5/5
   850 | D:2      | Reached XP level 3. HP: 13/23 MP: 6/6
   908 | D:2      | Found a sparkling altar of Nemelex Xobeh.
   932 | D:2      | Learned a level 2 spell: Wereblood
  1221 | D:2      | Reached XP level 4. HP: 28/28 MP: 4/7
  1371 | D:2      | Identified the +5 ring mail of Tufich {rPois Will+ Str-4
                  | Int+3}
  1650 | D:3      | Noticed Pargi
  1661 | D:3      | Learned a level 4 spell: Ice Form
  1792 | D:3      | Killed Pargi
  1793 | D:3      | Reached XP level 5. HP: 21/33 MP: 4/8
  2173 | D:3      | Reached XP level 6. HP: 38/38 MP: 7/9
  2440 | D:3      | Identified the +2 chain mail of Goocs {MP+9}
  2741 | D:4      | Slain by a gnoll bouda

Illustrated notes

Levels and vault maps discovered:
D:1:      minmay_arrival_arboretum_small, layout_loops_corners,
          hangedman_decor_lopped
D:2:      kennysheep_the_goblin_king, layout_rooms, basic_altar
D:3:      layout_loops_ring, kennysheep_generic_room_10,
          uniq_crazy_yiuf_cottage, uniq_pargi
D:4:      layout_basic, minmay_temple_entry_poolview

Skill      XL: |  1  2  3  4  5  6 |
---------------+-------------------+-----
Ice Magic      | 1 2 3 4 |  4.1
Transmutations | 3 4 |  4.7
Fighting       | |  1.0
Dodging        | |  2.0
Unarmed Combat | |  3.0
Spellcasting   | |  2.0

Action                   |  1- 3 |  4- 6 || total
-------------------------+-------+-------++-------
Melee: Unarmed           |    61 |    95 ||   156
       Constrict         |    16 |    27 ||    43
       Tentacles         |     9 |    25 ||    34
       Kick              |     9 |    27 ||    36
       Punch             |     1 |     3 ||     4
 Cast: Beastly Appendage |     9 |    14 ||    23
       Wereblood         |     1 |     2 ||     3
       Ice Form          |       |     1 ||     1
 Stab: Sleeping          |    10 |     5 ||    15
Armor: Skin              |     5 |     5 ||    10
Dodge: Dodged            |    25 |    60 ||    85

Table legend: (Time is in decaauts)
 A = Elapsed time spent in this place.
 B = Non-inter-level travel time spent in this place.
 C = Inter-level travel time spent in this place.
 D = Time resting spent in this place.
 E = Time spent auto-exploring this place.
 F = Levels seen in this place.
 G = Mean time per level.
                   A        B        C        D        E       F      G
               +--------+--------+--------+--------+--------+-----+--------+
         Total |   2731 |   2679 |     52 |    112 |   2051 |   4 |  682.8 |
       Dungeon |   2731 |   2679 |     52 |    112 |   2051 |   4 |  682.8 |
               +--------+--------+--------+--------+--------+-----+--------+

Top non-repeatable levels by time:
     D:3: 958 daAuts
     D:1: 819 daAuts
     D:2: 774 daAuts
     D:4: 179 daAuts
